 Dungeon Crawl Stone Soup version 0.18-a0-844-g9229740 (webtiles) character file.

11569 M4edhros the Covert (level 11, -3/63 HPs)
             Began as an Octopode Artificer on Dec 18, 2015.
             Was an Elder of Fedhas.
             Slain by a vampire mosquito (13 damage)
             ... on level 12 of the Dungeon.
             The game lasted 00:25:32 (12022 turns).

M4edhros the Covert (Octopode Artificer)           Turns: 12022, Time: 00:25:32

Health: -3/63      AC:  1    Str:  9    XL:     11   Next: 79%
Magic:  15/15      EV: 19    Int: 20    God:    Fedhas [****..]
Gold:   903        SH:  0    Dex: 10    Spells: 0 memorised, 10 levels left

rFire  . . .     SeeInvis .     k - +2 dagger (venom)
rCold  . . .     Gourm    .     (no shield)
rNeg   . . .     Faith    .     (helmet restricted)
rPois  +         Spirit   .     K - amulet of dismissal
rElec  .         Dismiss  +     J - +3 ring of evasion
rCorr  .         Reflect  .     (no ring)
SustAt .         Harm     .     (no ring)
MR     .....     Clarity  +     (no ring)
Stlth  +++++++...               (no ring)
                                (no ring)
                                (no ring)
                                (no ring)

@: very slightly contaminated, hasted, very quick, not resistant to hostile
enchantments, extremely stealthy
A: almost no armour, amphibious, 8 rings, constrict 8, camouflage 1, clarity,
clever 1, clumsy 1, low mp 1, poison resistance, weak 1, gelatinous body 1,
subdued magic 1
a: Evolution, Sunlight, Growth, Reproduction, Renounce Religion


You were on level 12 of the Dungeon.
You worshipped Fedhas.
Fedhas was greatly pleased with you.
You were very hungry.

You visited 2 branches of the dungeon, and saw 13 of its levels.
You also visited: Ossuary.

You collected 903 gold pieces.

Inventory:

Hand Weapons
 k - a +2 dagger of venom (weapon)
 o - a +2 hunting sling of freezing
 T - a +2 long sword of electrocution
 U - a +1 mace of protection
Missiles
 j - 246 stones (quivered)
 O - 18 sling bullets
Jewellery
 J - a +3 ring of evasion (left tentacle)
 K - an amulet of dismissal (around mantle)
Wands
 b - a wand of flame (10)
 c - a wand of enslavement (7)
 d - a wand of random effects (12)
 g - a wand of disintegration (8)
 r - a wand of paralysis (10)
 A - a wand of confusion (28)
 D - a wand of enslavement (13)
 F - a wand of teleportation (4)
 G - a wand of magic darts (16)
 H - a wand of heal wounds (6)
 L - a wand of disintegration (8)
 M - a wand of lightning (0)
 N - a wand of frost (27)
 P - a wand of disintegration (14)
Scrolls
 f - 5 scrolls of fog
 l - 2 scrolls of recharging {unknown}
 q - 2 scrolls of remove curse
 v - 4 scrolls of teleportation
 w - 2 scrolls of immolation
 y - 5 scrolls of amnesia
 C - 2 scrolls of enchant armour
 W - a scroll of magic mapping
Potions
 a - a potion of invisibility
 e - a potion of lignification {unknown}
 i - 2 potions of curing
 m - a potion of ambrosia {unknown}
 n - a potion of magic {unknown}
 p - 4 potions of agility
 s - 3 potions of degeneration {unknown}
 t - 2 potions of haste
 x - a potion of berserk rage {unknown}
 z - a potion of cure mutation {unknown}
 B - 2 potions of brilliance {unknown}
 E - 2 potions of flight {unknown}
 I - 4 potions of heal wounds {unknown}
 V - a potion of might {unknown}
Books
 Q - a book of Cantrips

   Spells                             Type                      Level
   a - Corona                         Hexes                        1
   b - Animate Skeleton               Necromancy                   1
   c - Summon Small Mammal            Summoning                    1
   d - Apportation                    Translocation                1
 R - the Guide on Attacks and Air
   (You found it on level 10 of the Dungeon)

   Spells                             Type                      Level
   a - Repel Missiles                 Charms/Air                   2
   b - Swiftness                      Charms/Air                   2
   c - Dazzling Spray                 Conjuration/Hexes            3
   d - Bolt of Draining               Conjuration/Necromancy       5
   e - Conjure Ball Lightning         Conjuration/Air              6
Comestibles
 h - 25 fruits
 u - 4 bread rations
 S - 4 meat rations
 X - 6 slices of pizza


   Skills:
 - Level 1.0 Fighting
 - Level 1.0 Short Blades
 * Level 8.6 Slings
 * Level 10.1 Dodging
 * Level 13.5 Stealth
 * Level 4.4 Invocations
 + Level 8.7 Evocations


You had 10 spell levels left.
You didn't know any spells.

Dungeon Overview and Level Annotations

Branches:
Dungeon (12/15)            Temple (1/1) D:4            Lair (0/8) D:9
    Orc (0/2) D:9

Altars:
Ashenzari
Cheibriados
Dithmenos
Elyvilon
Fedhas
Gozag
Kikubaaqudgha
Makhleb
Nemelex Xobeh
Okawaru
Pakellas
Qazlal
Ru
Sif Muna
Trog
Vehumet
Xom
Yredelemnul
Zin
The Shining One
Beogh

Shops:
D:10 %


Innate Abilities, Weirdness & Mutations

You cannot wear most types of armour.
You are amphibious.
You can wear up to eight rings at the same time.
You can use your tentacles to constrict eight enemies at once.
Your skin changes colour to match your surroundings (Stealth).
Your rubbery body absorbs attacks (AC +1).
You possess an exceptional clarity of mind.
Your mind is acute. (Int +2)
You are clumsy. (Dex -2)
Your magical capacity is low (-10% MP).
Your system is resistant to poisons.
You are weak. (Str -2)
Your spells are a little easier to cast, but a little less powerful.


Message History

You feel yourself speed up.
The vampire mosquito closely misses you.
The orc wizard hits your wandering mushroom but does no damage.
Your wandering mushroom misses the vampire mosquito.
Your wandering mushroom releases spores at the orc warrior.
The orc warrior is engulfed in a cloud of spores!
The orc warrior appears confused.
The orc hits your wandering mushroom with a dagger.
Your wandering mushroom is destroyed!
You feel a little guilty. The vampire mosquito misses you.
You are very lightly contaminated with residual magic.
Unknown command.
Your wandering mushroom releases spores at the orc warrior!
The orc warrior dies!
The orc wizard mumbles some strange words.
The orc wizard blinks!
Your wandering mushroom barely misses the vampire mosquito.
The vampire mosquito bites you!
You die...
Fedhas appreciates your contribution to the ecosystem.

..........))o..o.....
.##.##..o..##.......
##.###f).## .......
!......o.## ##...##
#.#.####y# ..... #.#
#y# #### ###.# # #.#
...#.# #y# ###..#. #@#
..... #.# #..#
#.#######
#######P.######........
.......PP).fff.########
#######.#.####.# ####
#.#f# #.# ..# #.#P# #.#
#.# #.#.# #.#


You could see 3 vampire mosquitoes, an orc priest, an orc and a friendly
wandering mushroom.

Vanquished Creatures
  Josephine (D:11)
  Harold (D:10)
  A hydra (D:11)
  A hill giant (D:12)
  2 deep elf magi
  Prince Ribbit (D:9)
  Sigmund (D:2)
  A yak (D:9)
  A wyvern (D:12)
  A hippogriff (D:7)
  A hungry ghost (D:7)
  Eustachio (D:5)
  A water moccasin (D:11)
  A porcupine (D:9)
  Duvessa (D:5)
  An orc warrior (D:10)
  3 sky beasts
  An ice beast (D:7)
  4 ogres
  A centaur (D:6)
  2 crocodiles (D:9)
  10 giant frogs
  2 scorpions (D:8)
  6 killer bees (D:7)
  7 crimson imps
  2 jellies
  A quasit (D:10)
  6 giant frog skeletons
  3 orc priests
  3 orc wizards
  3 iguanas
  6 hounds
  7 worker ants
  2 sheep
  A big kobold skeleton (Ossuary)
  A hound skeleton (D:4)
  8 mummies (Ossuary)
  2 gnolls (D:4)
  6 adders
  2 river rats (D:9)
  3 adder skeletons
  2 oozes
  3 worms
  5 giant geckos
  23 orcs
  7 goblins
  14 hobgoblins
  17 jackals
  7 kobolds
  4 quokkas
  5 bats
  4 giant cockroaches
  9 giant newts
  3 hobgoblin skeletons (Ossuary)
  A hobgoblin zombie (Ossuary)
  A kobold skeleton (Ossuary)
  2 orc skeletons (Ossuary)
  A quokka skeleton (D:5)
  10 rats
  A rat skeleton (D:5)
228 creatures vanquished.

Vanquished Creatures (collateral kills)
  2 hill giants
  The ghost of M4edhros the Carver, a novice OpAr of Xom (D:4)
  3 wraiths (D:11)
  A wyvern (D:10)
  A hippogriff (D:11)
  5 yaks
  2 hungry ghosts (D:9)
  2 porcupines (D:9)
  3 orc warriors
  2 ice beasts
  A phantom (D:6)
  An ogre (D:6)
  3 big kobolds (D:11)
  A crocodile (D:9)
  2 wyvern skeletons
  Dowan (D:5)
  A scorpion (D:4)
  A quasit (D:8)
  A crimson imp (D:9)
  2 jellies
  An orc priest (D:4)
  5 centaur skeletons
  A hound (D:4)
  An orc wizard (D:11)
  A worker ant (D:8)
  A sheep (D:11)
  2 shadow imps (D:5)
  An adder skeleton (D:8)
  2 giant geckos
  6 orcs
  A giant cockroach (D:4)
  A quokka (D:9)
  A giant newt (D:5)
  A rat (D:9)
61 creatures vanquished.

Vanquished Creatures (others)
  10 wandering mushrooms
  2 yaks (D:9)
  2 plants (D:9)
  141 toadstools
155 creatures vanquished.

Grand Total: 444 creatures vanquished

Notes
Turn   | Place    | Note
--------------------------------------------------------------
     0 | D:1      | M4edhros the Octopode Artificer began the quest for the Orb.
     0 | D:1      | Reached XP level 1. HP: 13/13 MP: 3/3
    57 | D:1      | Reached XP level 2. HP: 6/18 MP: 4/4
   734 | D:2      | Reached XP level 3. HP: 20/23 MP: 5/5
   961 | D:2      | Noticed Sigmund
   971 | D:2      | Killed Sigmund
   971 | D:2      | Reached skill level 5 in Stealth
   971 | D:2      | Reached XP level 4. HP: 15/28 MP: 5/7
   971 | D:2      | Reached XP level 5. HP: 17/33 MP: 5/8
  1158 | D:3      | Reached XP level 6. HP: 20/38 MP: 9/9
  2139 | D:4      | Noticed M4edhros's ghost (novice OpAr)
  2437 | D:4      | Reached skill level 1 in Slings
  2437 | D:4      | Reached skill level 6 in Stealth
  2437 | D:4      | Reached XP level 7. HP: 12/43 MP: 10/10
  2851 | D:5      | Entered Level 5 of the Dungeon
  2858 | D:5      | Reached skill level 5 in Evocations
  3128 | D:4      | Found a staircase to the Ecumenical Temple.
  3136 | Temple   | Entered the Ecumenical Temple
  3231 | Temple   | Became a worshipper of Fedhas Madash
  3325 | D:5      | Found a sand-covered staircase.
  3333 | Ossuary  | Entered an ossuary
  3365 | Ossuary  | Gained mutation: Your system is resistant to poisons. [potion of mutation]
  3365 | Ossuary  | Gained mutation: You are clumsy. (Dex -2) [potion of mutation]
  3365 | Ossuary  | Gained mutation: You possess an exceptional clarity of mind. [potion of mutation]
  3521 | Ossuary  | Reached skill level 5 in Dodging
  3590 | Ossuary  | Reached skill level 7 in Stealth
  4040 | D:5      | Reached * piety under Fedhas
  4154 | D:5      | Noticed Eustachio
  4159 | D:5      | Noticed Duvessa
  4159 | D:5      | Noticed Dowan
  4164 | D:5      | Killed Eustachio
  4164 | D:5      | Reached XP level 8. HP: 33/48 MP: 10/12
  4173 | D:5      | Killed Duvessa
  5410 | D:5      | Reached skill level 8 in Stealth
  5671 | D:5      | Killed Dowan
  5987 | D:4      | Found a glowing silver altar of Zin.
  6169 | D:4      | Killed M4edhros's ghost
  6351 | D:4      | Gained mutation: You are weak. (Str -2) [potion of mutation]
  6351 | D:4      | Lost mutation: You are clumsy. (Dex -2) [potion of mutation]
  6521 | D:6      | Reached skill level 9 in Stealth
  6534 | D:6      | Reached XP level 9. HP: 37/53 MP: 13/13
  6790 | D:6      | Gained mutation: Your spells are a little easier to cast, but a little less powerful. [mutagenic meat]
  6792 | D:6      | Gained mutation: Your magical capacity is low (-10% MP). [mutagenic meat]
  7109 | D:6      | Reached skill level 5 in Slings
  7399 | D:7      | Found an opulent altar of Gozag.
  7420 | D:7      | Found a shattered altar of Ashenzari.
  7454 | D:7      | Reached ** piety under Fedhas
  7506 | D:7      | Found a sacrificial altar of Ru.
  7507 | D:7      | Found a shimmering altar of Xom.
  7508 | D:7      | Found a radiant altar of Vehumet.
  7508 | D:7      | Found a basalt altar of Yredelemnul.
  7510 | D:7      | Reached skill level 10 in Stealth
  8275 | D:8      | Reached XP level 10. HP: 55/58 MP: 13/13
  8597 | D:8      | Reached skill level 11 in Stealth
  9216 | D:9      | Found a white marble altar of Elyvilon.
  9216 | D:9      | Found a deep blue altar of Sif Muna.
  9217 | D:9      | Found an iron altar of Okawaru.
  9508 | D:9      | Found a staircase to the Lair.
  9695 | D:9      | Noticed Prince Ribbit
  9707 | D:9      | Found a staircase to the Orcish Mines.
  9707 | D:9      | Killed Prince Ribbit
  9717 | D:9      | Found a roughly hewn altar of Beogh.
  9817 | D:9      | Reached *** piety under Fedhas
  9988 | D:10     | Entered Level 10 of the Dungeon
 10176 | D:10     | Noticed a hill giant
 10187 | D:10     | Killed a hill giant
 10187 | D:10     | Reached skill level 12 in Stealth
 10458 | D:10     | Noticed Harold
 10479 | D:10     | Killed Harold
 10479 | D:10     | Reached skill level 1 in Invocations
 10497 | D:10     | Found Meusuu Dufell's Food Shoppe.
 10616 | D:10     | Reached XP level 11. HP: 30/63 MP: 15/15
 10640 | D:10     | Identified the Guide on Attacks and Air
 10927 | D:11     | Gained mutation: Your mind is acute. (Int +2) [mutagenic meat]
 11139 | D:11     | Gained mutation: You are clumsy. (Dex -2) [mutagenic meat]
 11318 | D:11     | Noticed Josephine
 11329 | D:11     | Killed Josephine
 11345 | D:11     | Reached skill level 13 in Stealth
 11503 | D:11     | Noticed a two-headed hydra
 11521 | D:11     | Killed a two-headed hydra
 11734 | D:11     | Reached **** piety under Fedhas
 11866 | D:11     | Noticed a five-headed hydra
 11867 | D:12     | Noticed a hill giant
 11879 | D:12     | Killed a hill giant
 11932 | D:12     | Noticed a hill giant
 11945 | D:12     | Killed a hill giant
 11945 | D:12     | Reached skill level 10 in Dodging
 11984 | D:12     | Noticed a deep elf mage
 12016 | D:12     | Killed a deep elf mage
 12022 | D:12     | Slain by a vampire mosquito

Vault maps used:
D:1:      dpeg_arrival_connections, nrook_mini_vaults, hex_intersection,
          kennysheep_decorative_pillar
D:2:      st_stairs_14, uniq_sigmund
D:4:      zin_statuary, minmay_temple_entry_enclosed_plants
D:5:      enter_ossuary_4, first_bread, uniq_duvessa, uniq_eustachio
D:6:      minmay_misc_feat_enclosed
D:7:      grunt_temple_overflow_open
D:9:      gammafunk_temple_overflow_claw, minmay_lair_entry_grove,
          minmay_orc_entry_temple_small, uniq_prince_ribbit1
D:10:     serial_shops, shop, uniq_harold
D:11:     hangedman_ranch, uniq_josephine
Temple:   roderic_octagonal_lattice_temple
Ossuary:  ossuary_tomb_3

Action                   |  1- 3 |  4- 6 |  7- 9 | 10-12 || total
-------------------------+-------+-------+-------+-------++-------
Melee: Short sword       |    12 |       |       |       ||    12
       Dagger            |    44 |    52 |   172 |    59 ||   327
       Spear             |    12 |       |       |       ||    12
       Hunting sling     |       |       |     6 |       ||     6
 Fire: Hunting sling     |       |    58 |   267 |   360 ||   685
Invok: Evolution         |       |       |     5 |     6 ||    11
       Sunlight          |       |       |       |     1 ||     1
Evoke: Wand              |       |     2 |    12 |    10 ||    24
  Use: Scroll            |     4 |       |    13 |     6 ||    23
       Potion            |       |       |     4 |     5 ||     9
 Stab: Sleeping          |     5 |     7 |    21 |     8 ||    41
       Distracted        |     2 |     1 |       |       ||     3
       Confused          |       |       |     1 |     1 ||     2
  Eat: Chunk             |       |     4 |     8 |     4 ||    16
       Fruit             |       |     1 |       |       ||     1
       Bread ration      |       |       |     2 |       ||     2
       Beef jerky        |       |       |     2 |     1 ||     3
       Meat ration       |       |       |       |     2 ||     2
